 Dungeon Crawl Stone Soup version 0.17-a0-1056-g838d5c0 (webtiles) character file.

106 VikTorMgn the Slasher (level 4, -8/31 HPs)
             Began as an Octopode Fighter on May 16, 2015.
             Engulfed by Natasha's flame (21 damage)
             ... on level 3 of the Dungeon.
             The game lasted 00:05:04 (1876 turns).

VikTorMgn the Slasher (Octopode Fighter)            Turns: 1876, Time: 00:05:04

Health: -8/31      AC:  1    Str: 15    XL:     4   Next: 84%
Magic:  4/4        EV: 10    Int: 10    God:
Gold:   68         SH:  0    Dex: 12    Spells: 0 memorised, 3 levels left

rFire  . . .     SeeInvis .     a - +0 long sword
rCold  . . .     Clarity  .     b - +0 shield
rNeg   . . .     SustAb   .     (helmet restricted)
rPois  .         Gourm    .     (no amulet)
rElec  .         Spirit   .     (no ring)
rCorr  .         Warding  .     (no ring)
rMut   .         Stasis   .     (no ring)
MR     .....                    (no ring)
Stlth  ++........               (no ring)
                                (no ring)
                                (no ring)
                                (no ring)

@: confused, not resistant to hostile enchantments, unstealthy
A: almost no armour, amphibious, 8 rings, constrict 8, camouflage 1, gelatinous
body 1
a: no special abilities


You were on level 3 of the Dungeon.
You were not hungry.

You visited 1 branch of the dungeon, and saw 3 of its levels.

You collected 68 gold pieces.

Inventory:

Hand weapons
 a - a +0 long sword (weapon)
Armour
 b - a +0 shield (worn)
Jewellery
 k - an uncursed ring of wizardry {unknown}
 l - an uncursed ring of wizardry {unknown}
Scrolls
 f - a scroll of fog {unknown}
 i - 2 scrolls of remove curse {unknown}
 j - 2 scrolls of random uselessness {unknown}
 m - a scroll of noise {unknown}
 r - a scroll of identify {unknown}
 u - a scroll of amnesia {unknown}
Potions
 c - a potion of might
 e - a potion of lignification {unknown}
 g - a potion of curing {unknown}
 n - 2 potions of cure mutation {unknown}
 o - a potion of mutation {unknown}
 p - a potion of poison {unknown}
 t - a potion of agility {unknown}
Comestibles
 d - 2 bread rations
 h - 2 beef jerkies
 q - a meat ration
 s - 3 fruits
 v - 2 chunks of flesh


   Skills:
 - Level 3.1 Fighting
 * Level 3.7 Long Blades
 - Level 3.2 Dodging
 - Level 2.8 Stealth
 - Level 3.2 Shields


You had 3 spell levels left.
You didn't know any spells.

Dungeon Overview and Level Annotations

Branches:
Dungeon (3/15)

Altars:
Cheibriados

Annotations:
D:3 Natasha


Innate Abilities, Weirdness & Mutations

You cannot wear most types of armour.
You are amphibious.
You can wear up to eight rings at the same time.
You can use your tentacles to constrict eight enemies at once.
Your skin changes colour to match your surroundings (Stealth).
Your rubbery body absorbs attacks (AC +1).


Message History

Your will is overpowered!
You are more confused.
You bump into the rock wall.
Natasha misses you.
You bump into the rock wall.
Natasha closely misses you.
You bump into the rock wall.
Natasha zaps a wand.
You resist with some effort.
You bump into the rock wall.
Natasha misses you.
You bump into the rock wall.
Natasha zaps a wand.
Your will is overpowered!
You are more confused.
Natasha zaps a wand.
You resist with some effort.
You bump into the rock wall.
Natasha stares next to you and mumbles some strange words.
A cloud of flames roars to life!
Unknown command.
You bump into the rock wall.
Natasha zaps a wand.
You resist with some effort.
You bump into the rock wall.
You hit Natasha. You squeeze Natasha.
Natasha is moderately wounded.
Natasha mumbles some strange words.
You are engulfed in roaring flames.
Ouch! That really hurt!
You die...

#.. ... ..# #.# ?.# #.#
..# #.# ..## #.# ...#
#.############..# #
#.##...@.h.5.†..#
####.##.##.#########..#
#..........# .....
#.#####...## .#####
###.# .# #.# .# #.# ..
####.###.# .. #####
#........#


You could see Natasha and a crimson imp.

Vanquished Creatures
  2 gnolls (D:1)
  4 adders
  An ooze (D:2)
  2 worms
  An orc (D:3)
  3 giant cockroaches
  4 goblins
  4 hobgoblins
  3 jackals (D:1)
  4 kobolds
  A quokka (D:3)
  6 bats
  4 giant newts
  7 rats
46 creatures vanquished.

Notes
Turn   | Place    | Note
--------------------------------------------------------------
     0 | D:1      | VikTorMgn the Octopode Fighter began the quest for the Orb.
     0 | D:1      | Reached XP level 1. HP: 16/16 MP: 1/1
   121 | D:1      | Reached XP level 2. HP: 10/21 MP: 2/2
   594 | D:1      | Reached XP level 3. HP: 26/26 MP: 3/3
   962 | D:2      | Reached skill level 1 in Stealth
  1140 | D:2      | Reached XP level 4. HP: 29/31 MP: 4/4
  1312 | D:2      | Found a snail-covered altar of Cheibriados.
  1842 | D:3      | Noticed Natasha
  1876 | D:3      | Engulfed by Natasha's flame

Vault maps used:
D:1:      elethiomel_arrival_maze
D:2:      cheibriados_altar_1, minmay_crystal_water
D:3:      gup_sewer_entry_bowl, minmay_misc_feat_roman, uniq_natasha

Action                   |  1- 3 |  4- 6 || total
-------------------------+-------+-------++-------
Melee: Long sword        |    47 |    37 ||    84
 Stab: Sleeping          |     1 |     5 ||     6
  Eat: Chunk             |     1 |     2 ||     3
